AoeStats
← Imot

Arena

509111597Analyzed
1v1 RM · 7d ago on Sep 25, 2026· 29m 41s· 2 players
Game mode
Random Map
Map size
Tiny (2 player)
Population
200
Speed
Normal
Resources
Standard
Victory
Conquest
Starting age
Dark Age
Ending age
Imperial Age
RankedLock teamsTeams togetherTeam positionsShared explorationLock speedFull tech treeHidden civsTurbo modeCheats
Victory
Defeat
🇨🇱 Inca · Chile
1358
+17
🇦🇷 Varangians · Argentina
1381
-17
b00gieboard
10:55 Feudal Age
14:58 Castle Age
13:10 Loom
14:57 Double-Bit Axe
24:16 Redemption
28:11 Imperial Age
27:11 Forging
Imot
9:57 Feudal Age
13:43 Castle Age
12:13 Horse Collar
12:27 Double-Bit Axe
14:58 Bow Saw
18:16 Loom
25:41 Fletching
27:36 Bodkin Arrow
Connection lost

Rejoining the realm…

Still unreachable

The connection could not be restored.

Session expired

The server has moved on; the page needs a fresh start.